 Dungeon Crawl Stone Soup version 0.31-a0-1072-g202bf7ea07 (webtiles) character file.

Game seed: 15874610013343098802

29 Azuregosa the Sneak (level 3, -2/26 HPs)
             Began as an Octopode Delver on Nov 26, 2023.
             Slain by Prince Ribbit (8 damage)
             ... on level 5 of the Dungeon.
             The game lasted 00:01:31 (181 turns).

Azuregosa the Sneak (Octopode Delver)                Turns: 181, Time: 00:01:32

Health: -2/26      AC:  1    Str: 11    XL:     3   Next: 16%
Magic:  3/3        EV: 13    Int: 14    God:
Gold:   0          SH:  0    Dex: 13    Spells: 2/2 levels left

rFire   . .          .
                       - Unarmed
rCold   + . .        (no shield)
rNeg    . . .        (helmet restricted)
rPois   .            (no amulet)
rElec   .            f - ring of protection from cold
rCorr   .            (no ring)
SInv    .            (no ring)
Will    .....        (no ring)
Stlth   +++++        (no ring)
HPRegen 0.24/turn    (no ring)
MPRegen 0.08/turn    (no ring)
                     (no ring)

%: no passive effects
@: hasted, very quick
A: almost no armour, amphibious, 8 rings, camouflage 1, gelatinous body 1,
(nimble swimmer 1), tentacles
a: no special abilities


You were on level 5 of the Dungeon.
You visited 1 branch of the dungeon, and saw 1 of its levels.

Inventory:

Hand Weapons
 h - the +4 flail of Internal Strife {drain, rC- rN++}
   (You found it on level 5 of the Dungeon)

   rC-:       It makes you vulnerable to cold.
   rN++:      It greatly protects you from negative energy.
Missiles
 g - 2 stones
Jewellery
 f - a ring of protection from cold (left tentacle)
Wands
 e - a wand of digging (2)
Scrolls
 a - a scroll of fog
 b - a scroll of teleportation {unknown}
 c - a scroll of fear


   Skills:
 - Level 3.0 Fighting
 - Level 2.0 Dodging
 + Level 7.9 Stealth
 - Level 2.0 Unarmed Combat


You had 2 spell levels left.
You didn't know any spells.
Your spell library was empty.

Dungeon Overview and Level Annotations

Branches:
Dungeon (5/15)
 Temple: D:4-7

Altars:

Annotations:
D:5 Prince Ribbit


Innate Abilities, Weirdness & Mutations

You cannot wear most types of armour.
You are amphibious.
You can wear up to eight rings at the same time.
Your skin changes colour to match your surroundings (Stealth+).
Your rubbery body absorbs attacks. (AC +1, EV +1)
((You are camouflaged when in or above water. (Stealth+)))
You have tentacles for arms and can constrict up to eight enemies at once.


Message History

You have reached level 2!
You have reached level 3!
Your experience leads to an increase in your attributes!
Increase (S)trength, (I)ntelligence, or (D)exterity?
You feel clever. x2
You start resting.
HP restored.
Found 16 gold pieces.
A gnoll comes into view. It is wielding a +0 club.
A gnoll comes into view. It is wielding a +0 spear.
A gnoll comes into view. It is wielding a +0 flail.
Found a stone staircase leading up.
You see here 16 gold pieces.
Found a scroll labelled UTUKOTZYPS.
b - a scroll labelled UTUKOTZYPS
Found 2 stones and a mace.
An iguana comes into view.
You see here 2 stones.
g - 2 stones You see here a +0 mace.
Found a stone staircase leading down.
Aiming: Dig
Press: ? - help, Shift-Dir - straight line A rock wall.
The rock shatters into small pieces.
An ogre comes into view. It is wielding a +0 giant club.
Found a twisted flail.
The ogre shouts!
You see here the +4 flail of Internal Strife {drain, rC- rN++}.
h - the +4 flail of Internal Strife {drain, rC- rN++} The ogre misses you.
You feel yourself speed up.
The ogre hits you with a +0 giant club!!
Ouch! That really hurt!
* * * LOW HITPOINT WARNING * * *
Prince Ribbit and an adder come into view.
Prince Ribbit blinks!
Found a stone staircase leading up.
Found a spear.
Prince Ribbit hits you!
You die...

**,,,,,**
#............## *#.,,,*
#.............# #.#***
#.............# #..#*
#.............. *#..#*
#.............. ###..#*
#..............
#.....####.............
*#....F.###............
#....@..###...O.......
#<....#..##..........#
##.....##.##.......###
##.....##.O#...####*,
##....###..#### **,,
##..)# ##..#****,,,
##### ##...,,,,,,
*##...,,,, *,,....,,,


You could see Prince Ribbit and an ogre.

Vanquished Creatures
  A jelly (D:5)
1 creature vanquished.

Notes
Turn   | Place    | Note
-------+----------+-------------------------------------------
     0 | D:5      | Azuregosa the Octopode Delver began the quest for the Orb.
     0 | D:5      | Reached XP level 1. HP: 16/16 MP: 1/1
    16 | D:5      | Noticed a jelly
    24 | D:5      | Killed a jelly
    25 | D:5      | Reached skill level 7 in Stealth
    25 | D:5      | Reached XP level 2. HP: 5/21 MP: 2/2
    25 | D:5      | Reached XP level 3. HP: 7/26 MP: 3/3
   155 | D:5      | Noticed an ogre
   165 | D:5      | Identified the +4 flail of Internal Strife {drain, rC-
                  | rN++}
   175 | D:5      | Noticed Prince Ribbit
   181 | D:5      | Slain by Prince Ribbit

Illustrated notes

Levels and vault maps discovered:
D:5:      layout_cave_pods, dreamdust_wishing_well,
          hangedman_decor_clover_reticule, st_stairs_1, nrook_mini_vaults,
          serial_library_hellmonk_reading_circle, uniq_edmund,
          uniq_prince_ribbit1

Skill      XL: |  1 |
---------------+----+-----
Stealth        | 7 |  7.9
Fighting       | |  3.0
Dodging        | |  2.0
Unarmed Combat | |  2.0

Action                     || total
---------------------------++-------
  Melee: Unarmed           ||     2
         Tentacles         ||     1
  Evoke: Wand              ||     1
    Use: Scroll            ||     1
         Potion            ||     1
   Stab: Sleeping          ||     1
 Armour: Skin              ||     3
  Dodge: Dodged            ||     1

Table legend: (Time is in decaauts)
 A = Elapsed time spent in this place.
 B = Non-inter-level travel time spent in this place.
 C = Inter-level travel time spent in this place.
 D = Time resting spent in this place.
 E = Time spent auto-exploring this place.
 F = Levels seen in this place.
 G = Mean time per level.
                   A        B        C        D        E       F      G
               +--------+--------+--------+--------+--------+-----+--------+
         Total |    176 |    176 |      0 |     79 |      0 |   1 |  176.0 |
       Dungeon |    176 |    176 |      0 |     79 |      0 |   1 |  176.0 |
               +--------+--------+--------+--------+--------+-----+--------+

Top non-repeatable levels by time:
     D:5: 176 daAuts
